 Dungeon Crawl Stone Soup version 0.23.2-30-g0e89c35649 (webtiles) character file.

Game seed: 16031461404489034450

651 PentaManta the Skirmisher (level 7, -1/45 HPs)
             Began as a Gargoyle Fighter on June 8, 2019.
             Splashed by an orc warrior's acid (11 damage)
             ... on level 5 of the Dungeon.
             The game lasted 00:10:16 (3602 turns).

PentaManta the Skirmisher (Gargoyle Fighter)        Turns: 3602, Time: 00:10:16

Health: -1/45      AC: 10    Str: 24    XL:     7   Next: 53%
Magic:  7/7        EV:  8    Int:  8    God:
Gold:   36         SH: 10    Dex:  9    Spells: 6/6 levels left

rFire    . . .     SeeInvis +   t - +0 hand axe
rCold    . . .     Gourm    .   c - +0 shield
rNeg     + . .     Faith    .   b - +0 scale mail
rPois    ∞         Spirit   .   (no helmet)
rElec    +         Reflect  .   i - +0 cloak
rCorr    .         Harm     .   p - +0 pair of gloves
MR       .....                  (no boots)
Stlth    ..........             (no amulet)
HPRegen  0.15/turn              m - +2 ring of strength
MPRegen  0.10/turn              j - ring of see invisible

@: corroded
A: negative energy resistance 1, electricity resistance, unbreathing,
petrification resistance, rot immunity, AC +4
a: no special abilities


You were on level 5 of the Dungeon.
You were not hungry.

You visited 1 branch of the dungeon, and saw 5 of its levels.

You collected 240 gold pieces.
You spent 204 gold pieces at shops.

Inventory:

Hand Weapons
 a - a +0 war axe
 t - a +0 hand axe (weapon)
Armour
 b - a +0 scale mail (worn)
 c - a +0 shield (worn)
 i - a +0 cloak (worn)
 p - a +0 pair of gloves (worn)
 r - a scarf of cloud immunity
Jewellery
 j - a ring of see invisible (right hand)
 m - a +2 ring of strength (left hand)
Wands
 s - a wand of iceblast (10)
 v - a wand of polymorph (10)
Scrolls
 e - a scroll of identify
 k - 2 scrolls of remove curse
 l - a scroll of enchant armour
 q - 4 scrolls of blinking
 u - 2 scrolls of amnesia
 w - 2 scrolls of teleportation
Potions
 d - a potion of might
 g - a potion of degeneration {unknown}
 h - a potion of magic
 n - a potion of brilliance
 o - 2 potions of mutation
Comestibles
 f - 5 rations


   Skills:
 * Level 5.7 Fighting
 * Level 4.2 Axes
 + Level 4.7 Armour
 + Level 2.1 Dodging
 + Level 4.5 Shields


You had 6 spell levels left.
You didn't know any spells.
Your spell library was empty.

Dungeon Overview and Level Annotations

Branches:
Dungeon (5/15)
 Temple: D:4-7

Altars:
Trog

Shops:
D:4 [}([?


Innate Abilities, Weirdness & Mutations

You are resistant to torment.
Your stone body is resilient. (AC +4)
You are immune to poison.
You resist negative energy. (rN+)
You are resistant to electric shocks. (rElec)
You can survive without breathing.
You are immune to petrification.
You are immune to rotting.


Message History

A quokka zombie is nearby!
A quokka zombie is nearby!
A quokka zombie is nearby!
An orc warrior comes into view.
It is wielding a +0 mace and carrying a wand of acid (11).
The orc warrior shouts!
You hear an angry hiss.
The orc warrior zaps a wand.
The bolt of acid hits the quokka zombie!
The quokka zombie is splashed with acid.
The acid corrodes the quokka zombie!
The quokka zombie is destroyed!
The bolt of acid hits you. The acid corrodes you!
You are splashed with acid!
You see here a leopard gecko skeleton.
A scorpion comes into view.
An orc comes into view. It is wielding a +0 flail.
An iguana comes into view.
You see here a sky beast corpse.
The orc warrior zaps a wand.
The bolt of acid hits you!!
* * * LOW HITPOINT WARNING * * *
You are splashed with acid!
You die...

#......##.#.########
#.........#.#
##.....####.#
.$###.....# #.#
........######.#
............>#.#
..#####.##.#.#.#
##..[#.#.#.#####
#......@........
#....#.#....####
#.#.##.#........
#.#.##.#....####
#....#.#......
.####..#.#o######.#
...........# .#
#.....†### #
#....o##


You could see an orc warrior.

Vanquished Creatures
  A sky beast (D:5)
  An ice beast (D:5)
  An ogre (D:4)
  An orc wizard (D:4)
  A centaur skeleton (D:4)
  An orc priest (D:4)
  2 hounds (D:4)
  2 bullfrog skeletons (D:4)
  4 adders
  4 gnolls (D:2)
  An ooze (D:1)
  An adder skeleton (D:4)
  4 worms
  2 dart slugs
  4 leopard geckos
  7 orcs (D:4)
  6 giant cockroaches
  7 goblins
  6 hobgoblins
  4 jackals (D:4)
  3 quokkas
  2 ball pythons (D:1)
  8 bats
  4 frilled lizards
  6 kobolds
  A quokka skeleton (D:4)
  11 rats
95 creatures vanquished.

Vanquished Creatures (others)
  A quokka zombie (D:5)
1 creature vanquished.

Grand Total: 96 creatures vanquished

Notes
Turn   | Place    | Note
-------+----------+-------------------------------------------
     0 | D:1      | PentaManta the Gargoyle Fighter began the quest for the
                  | Orb.
     0 | D:1      | Reached XP level 1. HP: 14/14 MP: 1/1
    65 | D:1      | Reached XP level 2. HP: 17/19 MP: 2/2
   382 | D:1      | Reached XP level 3. HP: 24/24 MP: 3/3
   972 | D:2      | Found a faded altar of an unknown god.
  1098 | D:2      | Reached XP level 4. HP: 26/29 MP: 4/4
  1196 | D:2      | Reached skill level 4 in Fighting
  1524 | D:2      | Reached skill level 1 in Dodging
  1762 | D:3      | Noticed a moth of wrath
  1766 | D:3      | Found a bloodstained altar of Trog.
  1779 | D:3      | Reached XP level 5. HP: 33/33 MP: 5/5
  2085 | D:4      | Found Xihoogic's Antique Armour Shoppe.
  2089 | D:4      | Bought an embroidered scarf for 144 gold pieces
  2181 | D:4      | Found Puimudox's Antique Weapon Boutique.
  2210 | D:4      | Reached XP level 6. HP: 31/39 MP: 6/6
  2328 | D:4      | Found Omouschif's Armour Emporium.
  2512 | D:4      | Reached skill level 5 in Fighting
  2727 | D:4      | Found Fusouff's Magic Scroll Shop.
  2731 | D:4      | Bought a scroll of teleportation for 30 gold pieces
  2731 | D:4      | Bought a scroll of teleportation for 30 gold pieces
  2864 | D:4      | Reached XP level 7. HP: 40/44 MP: 7/7
  2951 | D:4      | Found Kysepsou's Gadget Shoppe.
  3278 | D:5      | Entered Level 5 of the Dungeon
  3602 | D:5      | Splashed by an orc warrior's acid

Skill      XL: |  1  2  3  4  5  6  7 |
---------------+----------------------+-----
Axes           | 2 3 4 |  4.2
Fighting       | 4 5 |  5.7
Dodging        | 1 2 |  2.1
Armour         | 4 |  4.7
Shields        | 4 |  4.5

Action                   |  1- 3 |  4- 6 |  7- 9 || total
-------------------------+-------+-------+-------++-------
Melee: War axe           |   144 |   147 |       ||   291
       Hand axe          |       |    66 |    48 ||   114
  Use: Scroll            |       |     8 |       ||     8
  Eat: Chunk             |       |     7 |     3 ||    10
Armor: Scale mail        |    80 |   109 |    21 ||   210
Dodge: Dodged            |    42 |    55 |    11 ||   108
Block: Shield            |    89 |   109 |    17 ||   215
